 Dungeon Crawl Stone Soup version 0.20.1-1-g8b1a95d (webtiles) character file.

9387 Gargoyl the Protected (level 11, -3/94 HPs)
             Began as a Minotaur Abyssal Knight on Sept 25, 2017.
             Was a Priest of Lugonu.
             Incinerated by Azo's ghost (6 damage)
             ... with a sticky flame
             ... on level 1 of the Lair of Beasts.
             The game lasted 00:21:54 (13306 turns).

Gargoyl the Protected (Minotaur Abyssal Knight)    Turns: 13306, Time: 00:21:54

Health: -3/94      AC: 17    Str: 19    XL:     11   Next: 22%
Magic:  11/15      EV:  8    Int: 11    God:    Lugonu [***...]
Gold:   442        SH:  2    Dex: 11    Spells: 10/10 levels left

rFire    . . .     SeeInvis .   r - +2 war axe
rCold    . . .     Gourm    .   (no shield)
rNeg     + . .     Faith    .   I - +0 plate armour
rPois    .         Spirit   .   (helmet restricted)
rElec    +         Reflect  +   (no cloak)
rCorr    +         Harm     .   j - +0 pair of gloves
MR       .....                  (no boots)
Stlth    ..........             q - +2 amulet of reflection
Regen    0.3/turn               e - ring of resist corrosion
MPRegen  0.2/turn               i - ring of positive energy

@: liquid flames, glowing
A: retaliatory headbutt, horns 2, clever 1, electricity resistance
a: Depart the Abyss, Bend Space, Banish, Renounce Religion


You were on level 1 of the Lair of Beasts.
You worshipped Lugonu.
Lugonu was most pleased with you.
You were near starving.

You visited 2 branches of the dungeon, and saw 9 of its levels.
You visited the Abyss 1 time.
You also visited: Sewer.

You collected 442 gold pieces.

Inventory:

Hand Weapons
 a - a +1 hand axe
 r - a +2 war axe (weapon)
Armour
 j - a +0 pair of gloves (worn)
 I - a +0 plate armour (worn)
Jewellery
 e - a ring of resist corrosion (left hand)
 h - an uncursed amulet of magic regeneration {unknown}
 i - a ring of positive energy (right hand)
 q - a +2 amulet of reflection (around neck)
 w - an uncursed ring of flight
Wands
 l - a wand of flame (4/48)
 s - a wand of confusion (32/48)
 u - a wand of flame (0/48)
 v - a wand of random effects (11/48)
 D - a wand of polymorph (12/24)
 G - a wand of paralysis (6/24)
Scrolls
 b - a scroll of amnesia
 k - a scroll of identify
 o - a scroll of remove curse
 y - 2 scrolls of teleportation
Potions
 f - 2 potions of curing
 g - a potion of cancellation
 p - 2 potions of invisibility
 x - a potion of degeneration
 z - a potion of flight
 E - a potion of haste
Books
 m - a book of Air

   Spells                             Type                      Level
   a - Shock                          Conjuration/Air              1
   b - Swiftness                      Charms/Air                   2
   c - Static Discharge               Conjuration/Air              3
   d - Airstrike                      Air                          4
   e - Lightning Bolt                 Conjuration/Air              5
 A - a book of Frost

   Spells                             Type                      Level
   a - Freeze                         Ice                          1
   b - Throw Frost                    Conjuration/Ice              2
   c - Ozocubu's Armour               Charms/Ice                   3
   d - Throw Icicle                   Conjuration/Ice              4
   e - Summon Ice Beast               Ice/Summoning                4
 B - a book of Changes

   Spells                             Type                      Level
   a - Beastly Appendage              Transmutation                1
   b - Sticks to Snakes               Transmutation                2
   c - Spider Form                    Transmutation/Poison         3
   d - Ice Form                       Ice/Transmutation            4
   e - Blade Hands                    Transmutation                5
Comestibles
 c - 7 bread rations
 d - 11 meat rations
 C - 2 royal jellies


   Skills:
 + Level 7.9 Fighting
 + Level 11.3 Axes
 * Level 12.9 Armour
 + Level 4.2 Dodging
 * Level 7.6 Invocations
 + Level 0.6 Evocations


You had 10 spell levels left.
You didn't know any spells.

Dungeon Overview and Level Annotations

Branches:
Dungeon (8/15)             Temple (0/1) D:5            Lair (1/6) D:8

Altars:
Dithmenos
Makhleb
Sif Muna
Trog


Innate Abilities, Weirdness & Mutations

You reflexively headbutt those who attack you in melee.
You have a pair of horns on your head.
Your mind is acute. (Int +2)
You are resistant to electric shocks. (rElec)


Message History

* * * LOW HITPOINT WARNING * * *
You are covered in liquid flames!
* * * LOW HITPOINT WARNING * * *
You are covered in liquid flames!
* * * LOW HITPOINT WARNING * * *
You feel less confused.
Okay, then.
Press: ? - help, Shift-Dir - straight line, f - porcupine
Aim: a porcupine (chance to defeat MR: 85%)
The porcupine is devoured by a tear in reality.
Lugonu claims a new guest.
You are near starving!
You can no longer corrupt the fabric of space.
You are covered in liquid flames!
* * * LOW HITPOINT WARNING * * *
You are on fire!
You are covered in liquid flames!
* * * LOW HITPOINT WARNING * * *
You are covered in liquid flames!
You die...

##### #...# #...## ##
#....## P#### .....#
..#.# ###### ..#.#
...######...P# #.#.###
##.....##....###.....###
##...........##@.#....#
#......#.....##......#
#......###.....###§..#
#####..##.......# §.#
####........# ..#
#....#P...# r. #######
##$.####.## . ....#.#
#..# ### .<...## #≈..#


There were no monsters in sight!

Vanquished Creatures
  The ghost of Azo the Arsonist, a journeyman OpWz of Vehumet (Lair:1)
  The ghost of jesusflecha the Basher, a journeyman GrGl of the Shining One (Lair:1)
  Pikel (D:4)
  4 blink frogs
  Prince Ribbit (D:5)
  2 hippogriffs
  Sigmund (D:2)
  A wyvern (D:8)
  A yak (D:8)
  Grum (Lair:1)
  2 water moccasins
  An orc warrior (D:8)
  A porcupine (D:8)
  Purgy (Sewer)
  An ice beast (D:5)
  A sky beast (D:6)
  A slave (D:4)
  A phantom (D:8)
  6 ogres
  2 wolves (Lair:1)
  3 centaurs
  3 crocodiles (D:8)
  Blork the orc (D:5)
  A big kobold (D:7)
  9 bullfrogs
  3 scorpions
  4 killer bees (D:7)
  5 wights (D:7)
  A howler monkey (D:5)
  A bullfrog skeleton (D:5)
  6 hounds
  A jelly (D:6)
  4 orc priests
  Ijyb (D:5)
  2 iguanas (D:8)
  Natasha (twice) (D:2 D:1)
  4 orc wizards
  3 worker ants
  A hound zombie (D:7)
  A hound skeleton (D:7)
  2 worker ant zombies
  13 gnolls
  12 adders
  A river rat (D:4)
  2 shadow imps
  An ooze (D:7)
  An adder zombie (D:6)
  6 worms
  A dart slug (D:4)
  3 leopard geckos
  27 orcs
  3 ball pythons
  6 bats
  3 giant cockroaches
  11 goblins
  13 hobgoblins
  9 jackals
  16 kobolds
  4 quokkas
  8 frilled lizards
  A giant cockroach zombie (D:5)
  A jackal skeleton (D:4)
  A leopard gecko skeleton (D:4)
  5 rats
  A fungus (Lair:1)
238 creatures vanquished.

Vanquished Creatures (others)
  The ghost of Timinator the Grappler, a journeyman TrFi (Lair:1)
  An anaconda (Lair:1)
  2 porcupines
  A hound zombie (D:5)
  An adder (D:5)
  57 fungi
  25 plants
88 creatures vanquished.

Grand Total: 326 creatures vanquished

Notes
Turn   | Place    | Note
-------+----------+-------------------------------------------
     0 | Abyss:1  | Gargoyl the Minotaur Abyssal Knight began the quest for the Orb.
     0 | Abyss:1  | Reached XP level 1. HP: 19/19 MP: 1/1
    29 | Abyss:1  | Found a corrupted altar of Lugonu.
    43 | Abyss:1  | Noticed a small abomination
    49 | Abyss:1  | Noticed a thrashing horror
    53 | Abyss:1  | Noticed a black mamba simulacrum
   113 | Abyss:1  | Noticed a raiju
   114 | D:1      | Escaped the Abyss
   515 | D:1      | Reached XP level 2. HP: 26/27 MP: 2/2
   881 | D:2      | Noticed Sigmund
   886 | D:2      | Reached skill level 3 in Armour
   892 | D:2      | HP: 1/27 [Sigmund/scythe (13)]
   894 | D:2      | Found a shadowy altar of Dithmenos.
  1524 | D:3      | Reached XP level 3. HP: 32/33 MP: 3/3
  1593 | D:3      | Reached * piety under Lugonu
  2410 | D:2      | Noticed Natasha
  2418 | D:2      | Killed Natasha
  2418 | D:2      | Reached skill level 4 in Armour
  2418 | D:2      | Reached XP level 4. HP: 32/40 MP: 4/4
  2872 | D:3      | Reached XP level 5. HP: 44/47 MP: 5/5
  3082 | D:2      | Noticed Natasha
  3259 | D:1      | Killed Natasha
  3275 | D:2      | Killed Sigmund
  3275 | D:2      | Reached skill level 5 in Armour
  3275 | D:2      | Reached XP level 6. HP: 37/53 MP: 5/7
  3568 | D:3      | Reached ** piety under Lugonu
  4354 | D:4      | Found a glowing drain.
  4373 | D:4      | Reached skill level 5 in Axes
  4373 | D:4      | Reached XP level 7. HP: 51/60 MP: 8/8
  4385 | Sewer    | Entered a sewer
  4534 | Sewer    | Noticed Purgy
  4541 | Sewer    | Killed Purgy
  4541 | Sewer    | Reached skill level 6 in Armour
  4793 | D:4      | Found a bloodstained altar of Trog.
  4811 | D:4      | Reached skill level 5 in Fighting
  5019 | D:5      | Entered Level 5 of the Dungeon
  5077 | D:5      | Noticed Prince Ribbit
  5441 | D:5      | HP: 3/61 [Prince Ribbit (10)]
  5620 | D:5      | Killed Prince Ribbit
  5620 | D:5      | Reached skill level 7 in Armour
  5666 | D:5      | Noticed Ijyb
  5675 | D:5      | Reached XP level 8. HP: 34/68 MP: 9/9
  5686 | D:5      | Killed Ijyb
  5897 | D:4      | Reached *** piety under Lugonu
  5911 | D:4      | Gained mutation: Scrolls take you a little longer to read. [potion of mutation]
  5911 | D:4      | Gained mutation: Your mind is acute. (Int +2) [potion of mutation]
  6156 | D:5      | Noticed Pikel
  6156 | D:5      | Reached skill level 8 in Armour
  6171 | D:4      | Killed Pikel
  6442 | D:5      | Found a burning altar of Makhleb.
  6442 | D:5      | Noticed a cacodemon
  6578 | D:5      | Noticed Blork the orc
  6592 | D:5      | Killed Blork the orc
  6592 | D:5      | Reached skill level 5 in Invocations
  6656 | D:5      | Found a staircase to the Ecumenical Temple.
  7016 | D:6      | Reached XP level 9. HP: 75/75 MP: 11/11
  7197 | D:6      | Found a deep blue altar of Sif Muna.
  7420 | D:6      | Reached skill level 9 in Armour
  7696 | D:6      | Gained mutation: Your muscles are strong. (Str +2) [mutagenic meat]
  7699 | D:6      | Lost mutation: Your muscles are strong. (Str +2) [mutagenic meat]
  7700 | D:6      | Gained mutation: Armour fits poorly on your strangely shaped body. [mutagenic meat]
  8265 | D:7      | Reached **** piety under Lugonu
  9295 | D:7      | HP: 2/78 [killer bee (7)]
  9961 | D:8      | Reached skill level 10 in Armour
 10177 | D:8      | HP: 1/79 [porcupine (9)]
 10510 | D:8      | Reached XP level 10. HP: 60/86 MP: 13/13
 11016 | D:8      | Reached skill level 10 in Axes
 11144 | D:8      | Found a staircase to the Lair.
 11475 | D:8      | Reached skill level 11 in Armour
 11608 | D:8      | Lost mutation: Your mind is acute. (Int +2) [potion of mutation]
 11608 | D:8      | Lost mutation: Armour fits poorly on your strangely shaped body. [potion of mutation]
 11608 | D:8      | Lost mutation: Scrolls take you a little longer to read. [potion of mutation]
 11608 | D:8      | Gained mutation: You are resistant to electric shocks. (rElec) [potion of mutation]
 11608 | D:8      | Gained mutation: Your mind is acute. (Int +2) [potion of mutation]
 11945 | Lair:1   | Entered Level 1 of the Lair of Beasts
 11960 | Lair:1   | Noticed jesusflecha's ghost (journeyman GrGl)
 12487 | Lair:1   | Killed jesusflecha's ghost
 12521 | Lair:1   | Noticed Azo's ghost (journeyman OpWz)
 12590 | Lair:1   | Noticed Grum
 12593 | Lair:1   | Noticed an anaconda
 12599 | Lair:1   | Reached skill level 12 in Armour
 12600 | Lair:1   | Banished an anaconda
 12605 | Lair:1   | Killed Grum
 12761 | Lair:1   | Noticed Timinator's ghost (journeyman TrFi)
 12773 | Lair:1   | Banished Timinator's ghost
 12773 | Lair:1   | Reached XP level 11. HP: 7/94 MP: 15/15
 13212 | Lair:1   | Noticed a five-headed hydra
 13213 | Lair:1   | Banished a five-headed hydra
 13300 | Lair:1   | Killed Azo's ghost
 13305 | Lair:1   | HP: 2/94 [burnt (7)]
 13306 | Lair:1   | Incinerated by Azo's ghost

Skill      XL: |  1  2  3  4  5  6  7  8  9 10 |
---------------+-------------------------------+-----
Fighting       | 4 5 7 |  7.9
Armour         | 3 4 5 7 8 10 12 | 12.9
Invocations    | 2 3 5 6 7 |  7.6
Axes           | 3 4 5 6 7 9 11 | 11.3
Dodging        | 2 3 4 |  4.2
Evocations     | |  0.6

Action                   |  1- 3 |  4- 6 |  7- 9 | 10-12 || total
-------------------------+-------+-------+-------+-------++-------
Melee: Hand axe          |    99 |    91 |       |       ||   190
       Headbutt          |    11 |    23 |    56 |    42 ||   132
       War axe           |       |    42 |   346 |   235 ||   623
Invok: Depart the Abyss  |     1 |       |       |       ||     1
       Banish            |       |       |     1 |     4 ||     5
Evoke: Wand              |       |     1 |     7 |       ||     8
  Use: Scroll            |     6 |     1 |     2 |     2 ||    11
       Potion            |     2 |       |    17 |     3 ||    22
  Eat: Chunk             |     5 |     6 |    19 |     7 ||    37
       Bread ration      |       |       |     2 |       ||     2
Armor: Ring mail         |    36 |    28 |       |       ||    64
       Leather armour    |     4 |       |       |       ||     4
       Scale mail        |       |    25 |    80 |       ||   105
       Chain mail        |       |       |   125 |    35 ||   160
       Skin              |       |       |    10 |       ||    10
       Plate armour      |       |       |       |   101 ||   101
Dodge: Dodged            |    79 |    90 |   252 |   118 ||   539
Block: Other             |       |     7 |    38 |    16 ||    61
       Reflection        |       |       |     3 |       ||     3
